TOP OF THE 1ST |
Evansville Triplets batting - Pitching for Omaha Storm Chasers : LHP Brad Havens
|
Pitching: LHP Brad Havens
|
|
Batting: LHB Greg Gross
|
0-0: Ball 1-0: Ball 2-0: Called Strike 2-1: Ball 3-1: Foul Ball, location: 2F 3-2: Base on Balls
|
Batting: RHB Cory Mihalic
|
0-0: Fly out, F8 (Flyball, 8LXD, EV 91.9 MPH) Runner from 1st tags up, SAFE at 2nd
|
Batting: LHB Lloyd Moseby
|
0-0: Ball 1-0: Fly out, F7 (Flyball, 7, EV 82.5 MPH)
|
Batting: RHB Brook Jacoby
|
0-0: Ball 1-0: Called Strike 1-1: Foul Ball, location: 2F 1-2: Foul Ball, location: 2F 1-2: Ground out U3 (Groundball, 3, EV 108.8 MPH)
|
Top of the 1st over - 0 runs, 0 hits, 0 errors, 1 left on base; Evansville 0 - Omaha 0 |
BOTTOM OF THE 1ST |
Omaha Storm Chasers batting - Pitching for Evansville Triplets : RHP Randy Pitts
|
Pitching: RHP Randy Pitts
|
|
Batting: RHB Jay Schellin
|
0-0: Swinging Strike 0-1: Ball 1-1: Ball 2-1: Foul Ball, location: 2F 2-2: Ball 3-2: SINGLE (Groundball, 6D, EV 96.9 MPH)
|
Batting: SHB Rafael Landestoy
|
0-0: Called Strike 0-1: Ball 1-1: Fielders Choice at 2nd, 4-6 (Groundball, 4D, EV 105.6 MPH)
|
Batting: RHB Don Money
|
0-0: Ball 1-0: Ball 2-0: Called Strike 2-1: Ball 3-1: Called Strike 3-2: SINGLE (Groundball, 34, EV 102.5 MPH) Rafael Landestoy to second Rafael Landestoy to third
|
Batting: LHB Mike LaValliere
|
0-0: Foul Ball, location: 2F 0-1: Called Strike 0-2: Ball 1-2: Foul Ball, location: 2F 1-2: Strikes out swinging
|
Batting: RHB Al Minker
|
0-0: Ball 1-0: Swinging Strike 1-1: Fly out, F3 (Popup, 3SF, EV 72.5 MPH)
|
Bottom of the 1st over - 0 runs, 2 hits, 0 errors, 2 left on base; Evansville 0 - Omaha 0 |
TOP OF THE 2ND |
Evansville Triplets batting - Pitching for Omaha Storm Chasers : LHP Brad Havens
|
Batting: SHB Mickey Tettleton
|
0-0: Foul Ball, location: 2F 0-1: Ball 1-1: Ball 2-1: Foul Ball, location: 2F 2-2: Foul Ball, location: 2F 2-2: Ball 3-2: SINGLE (Groundball, 34D, EV 104.4 MPH)
|
Batting: RHB Mark M Corey
|
0-0: Called Strike 0-1: Ball 1-1: Ball 2-1: Swinging Strike 2-2: Ball 3-2: Base on Balls Mickey Tettleton to second
|
Batting: LHB Luis Alfaro
|
0-0: Called Strike 0-1: Ball 1-1: Grounds into double play, 4-6-3 (Groundball, 4, EV 103.8 MPH) Mickey Tettleton to third
|
Batting: RHB Jaden Smith
|
0-0: Called Strike 0-1: Foul Ball, location: 2F 0-2: Ball 1-2: Ball 2-2: Ball 3-2: Foul Ball, location: 2F 3-2: Base on Balls
|
Batting: RHB Ed Jurak
|
0-0: Swinging Strike 0-1: Called Strike 0-2: Ball 1-2: Foul Ball, location: 2F 1-2: Ball 2-2: Foul Ball, location: 2F 2-2: Foul Ball, location: 2F 2-2: Ball 3-2: Foul Ball, location: 2F 3-2: Foul Ball, location: 2F 3-2: DOUBLE (Line Drive, 9LS, EV 96.3 MPH) Mickey Tettleton scores Jaden Smith to third Jaden Smith scores
|
Batting: LHB Greg Gross
|
0-0: Ground out 5-3 (Groundball, 5S, EV 66.9 MPH)
|
Top of the 2nd over - 2 runs, 2 hits, 0 errors, 1 left on base; Evansville 2 - Omaha 0 |
BOTTOM OF THE 2ND |
Omaha Storm Chasers batting - Pitching for Evansville Triplets : RHP Randy Pitts
|
Batting: SHB Larry Bowa
|
0-0: Called Strike 0-1: Ball 1-1: Foul Ball, location: 2F 1-2: Ball 2-2: Fly out, F8 (Flyball, 8RM, EV 84.4 MPH)
|
Batting: RHB Eddie Gates
|
0-0: Ball 1-0: Called Strike 1-1: Foul Ball, location: 2F 1-2: Ball 2-2: Foul Ball, location: 2F 2-2: Foul Ball, location: 2F 2-2: Ball 3-2: Foul Ball, location: 2F 3-2: Base on Balls
|
Batting: LHB Donald Elliott
|
0-0: Ball 1-0: Grounds into double play, 5-4-3 (Groundball, 56, EV 84.4 MPH)
|
Bottom of the 2nd over - 0 runs, 0 hits, 0 errors, 0 left on base; Evansville 2 - Omaha 0 |
TOP OF THE 3RD |
Evansville Triplets batting - Pitching for Omaha Storm Chasers : LHP Brad Havens
|
Batting: RHB Cory Mihalic
|
0-0: Foul Ball, location: 2F 0-1: Fly out, F8 (Flyball, 8LM, EV 94.4 MPH)
|
Batting: LHB Lloyd Moseby
|
0-0: Called Strike 0-1: Foul Ball, location: 2F 0-2: Fly out, F7 (Flyball, 7S, EV 80.6 MPH)
|
Batting: RHB Brook Jacoby
|
0-0: Ball 1-0: Ball 2-0: Foul Ball, location: 2F 2-1: Foul Ball, location: 2F 2-2: Ball 3-2: SINGLE (Line Drive, 89S, EV 103.8 MPH)
|
Batting: SHB Mickey Tettleton
|
0-0: Foul Ball, location: 2F 0-1: Ball 1-1: Foul Ball, location: 2F 1-2: Fly out, F4 (Popup, 3D, EV 69.4 MPH)
|
Top of the 3rd over - 0 runs, 1 hit, 0 errors, 1 left on base; Evansville 2 - Omaha 0 |
BOTTOM OF THE 3RD |
Omaha Storm Chasers batting - Pitching for Evansville Triplets : RHP Randy Pitts
|
Batting: RHB Mike Allport
|
0-0: SINGLE (Groundball, 6MD, EV 98.8 MPH)
|
Batting: RHB Jay Schellin
|
0-0: Ball 1-0: Reached on error, E6 (Groundball, P, EV 83.1 MPH) Mike Allport to second
|
Batting: SHB Rafael Landestoy
|
0-0: Ball 1-0: Fly out, F5 (Popup, 5F, EV 70.0 MPH)
|
Batting: RHB Don Money
|
0-0: Ball 1-0: Ground out 6-3 (Groundball, P, EV 85.6 MPH) Mike Allport to third Jay Schellin to second
|
Batting: LHB Mike LaValliere
|
0-0: Swinging Strike 0-1: Swinging Strike 0-2: Ball 1-2: Strikes out looking
|
Bottom of the 3rd over - 0 runs, 1 hit, 1 error, 2 left on base; Evansville 2 - Omaha 0 |
TOP OF THE 4TH |
Evansville Triplets batting - Pitching for Omaha Storm Chasers : LHP Brad Havens
|
Batting: RHB Mark M Corey
|
0-0: Called Strike 0-1: Ball 1-1: Called Strike 1-2: Fly out, F7 (Flyball, 7LS, EV 86.9 MPH)
|
Batting: LHB Luis Alfaro
|
0-0: Ball 1-0: Fly out, F8 (Flyball, 8RXD, EV 102.5 MPH)
|
Batting: RHB Jaden Smith
|
0-0: Called Strike 0-1: Ball 1-1: Ball 2-1: Ball 3-1: Called Strike 3-2: Strikes out swinging
|
Top of the 4th over - 0 runs, 0 hits, 0 errors, 0 left on base; Evansville 2 - Omaha 0 |
BOTTOM OF THE 4TH |
Omaha Storm Chasers batting - Pitching for Evansville Triplets : RHP Randy Pitts
|
Batting: RHB Al Minker
|
0-0: Called Strike 0-1: Ball 1-1: Ball 2-1: Ball 3-1: Foul Ball, location: 2F 3-2: Ground out 6-3 (Groundball, 6D, EV 83.1 MPH)
|
Batting: SHB Larry Bowa
|
0-0: Ball 1-0: Ground out U3 (Groundball, 3, EV 91.3 MPH)
|
Batting: RHB Eddie Gates
|
0-0: Foul Ball, location: 2F 0-1: Swinging Strike 0-2: DOUBLE (Line Drive, 5D, EV 98.1 MPH)
|
Batting: LHB Donald Elliott
|
0-0: Ground out 6-3 (Groundball, 6, EV 81.3 MPH)
|
Bottom of the 4th over - 0 runs, 1 hit, 0 errors, 1 left on base; Evansville 2 - Omaha 0 |
TOP OF THE 5TH |
Evansville Triplets batting - Pitching for Omaha Storm Chasers : LHP Brad Havens
|
Batting: RHB Ed Jurak
|
0-0: Ball 1-0: Foul Ball, location: 2F 1-1: Ball 2-1: Foul Ball, location: 2F 2-2: Ball 3-2: Ground out 1-3 (Groundball, 13S, EV 69.4 MPH)
|
Batting: LHB Greg Gross
|
0-0: Called Strike 0-1: Ball 1-1: Called Strike 1-2: Ball 2-2: Ball 3-2: Base on Balls
|
Batting: RHB Cory Mihalic
|
0-0: Ball Greg Gross is caught stealing 2nd base 2-4 1-0: Ball 2-0: Ball 3-0: Called Strike 3-1: SINGLE (Groundball, 56D, EV 100.6 MPH)
|
Batting: LHB Lloyd Moseby
|
0-0: Ball 1-0: Ball 2-0: SINGLE (Line Drive, 5D, EV 95.6 MPH) Cory Mihalic to second
|
Batting: RHB Brook Jacoby
|
0-0: Fly out, F8 (Flyball, 89D, EV 81.9 MPH)
|
Top of the 5th over - 0 runs, 2 hits, 0 errors, 2 left on base; Evansville 2 - Omaha 0 |
BOTTOM OF THE 5TH |
Omaha Storm Chasers batting - Pitching for Evansville Triplets : RHP Randy Pitts
|
Batting: RHB Mike Allport
|
0-0: Ball 1-0: Fly out, F7 (Flyball, 7LM, EV 93.1 MPH)
|
Batting: RHB Jay Schellin
|
0-0: Ball 1-0: Called Strike 1-1: Called Strike 1-2: SINGLE (Line Drive, 7LS, EV 102.5 MPH)
|
Batting: SHB Rafael Landestoy
|
0-0: Called Strike 0-1: Called Strike Jay Schellin steals 2nd base (no throw) 0-2: Ball 1-2: Foul Ball, location: 2F 1-2: Ball 2-2: Foul Ball, location: 2F 2-2: DOUBLE (Line Drive, 5D, EV 97.5 MPH) Jay Schellin scores
|
Batting: RHB Don Money
|
0-0: Called Strike Rafael Landestoy steals 3rd base 0-1: SINGLE (Groundball, 34, EV 100.0 MPH) Rafael Landestoy scores
|
Batting: LHB Mike LaValliere
|
0-0: Called Strike 0-1: Called Strike 0-2: Ball 1-2: Strikes out swinging
|
Batting: RHB Al Minker
|
0-0: Swinging Strike 0-1: Fielders Choice at 2nd, 6-4 (Groundball, 6, EV 101.3 MPH)
|
Bottom of the 5th over - 2 runs, 3 hits, 0 errors, 1 left on base; Evansville 2 - Omaha 2 |
TOP OF THE 6TH |
Evansville Triplets batting - Pitching for Omaha Storm Chasers : LHP Brad Havens
|
Batting: SHB Mickey Tettleton
|
0-0: Called Strike 0-1: Swinging Strike 0-2: Strikes out looking
|
Batting: RHB Mark M Corey
|
0-0: Foul Ball, location: 2F 0-1: Foul Ball, location: 2F 0-2: Ball 1-2: Ball 2-2: Ball 3-2: Strikes out looking
|
Batting: LHB Luis Alfaro
|
0-0: Ball 1-0: Foul Ball, location: 2F 1-1: Foul Ball, location: 2F 1-2: Ball 2-2: Ball 3-2: Strikes out looking
|
Top of the 6th over - 0 runs, 0 hits, 0 errors, 0 left on base; Evansville 2 - Omaha 2 |
BOTTOM OF THE 6TH |
Omaha Storm Chasers batting - Pitching for Evansville Triplets : RHP Randy Pitts
|
Batting: SHB Larry Bowa
|
0-0: Called Strike 0-1: Swinging Strike 0-2: DOUBLE (Line Drive, 78M, EV 91.9 MPH)
|
Batting: RHB Eddie Gates
|
0-0: Ball 1-0: 2-RUN HOME RUN (Flyball, 78XD, EV 95.0 MPH), Distance : 412 ft
|
Batting: LHB Donald Elliott
|
0-0: Called Strike 0-1: Ground out 4-3 (Groundball, 4, EV 85.0 MPH)
|
Batting: RHB Mike Allport
|
0-0: Ball 1-0: Foul Ball, location: 2F 1-1: Fly out, F9 (Line Drive, 9, EV 90.0 MPH)
|
Batting: RHB Jay Schellin
|
0-0: Ball 1-0: Foul Ball, location: 2F 1-1: Ground out 5-3 (Groundball, 5, EV 88.8 MPH)
|
Bottom of the 6th over - 2 runs, 2 hits, 0 errors, 0 left on base; Evansville 2 - Omaha 4 |
TOP OF THE 7TH |
Evansville Triplets batting - Pitching for Omaha Storm Chasers : LHP Brad Havens
|
Batting: RHB Jaden Smith
|
0-0: Called Strike 0-1: Ball 1-1: Ball 2-1: Foul Ball, location: 2F 2-2: Fly out, F9 (Flyball, 9D, EV 90.6 MPH)
|
Batting: RHB Ed Jurak
|
0-0: Called Strike 0-1: Called Strike 0-2: Ground out 5-3 (Groundball, 56, EV 103.1 MPH)
|
Batting: LHB Greg Gross
|
0-0: Fly out, F9 (Line Drive, 9, EV 93.1 MPH)
|
Top of the 7th over - 0 runs, 0 hits, 0 errors, 0 left on base; Evansville 2 - Omaha 4 |
BOTTOM OF THE 7TH |
Omaha Storm Chasers batting - Pitching for Evansville Triplets : RHP Randy Pitts
|
Batting: SHB Rafael Landestoy
|
0-0: Called Strike 0-1: Swinging Strike 0-2: SINGLE (Groundball, 3S, EV 72.5 MPH) (infield hit)
|
Batting: RHB Don Money
|
0-0: Ball 1-0: Reached on error, E5 (Groundball, 5, EV 85.0 MPH) Rafael Landestoy to second
|
Pitching: LHP Paul Mirabella
|
|
Batting: LHB Mike LaValliere
|
0-0: Called Strike 0-1: Foul Ball, location: 2F 0-2: Foul Ball, location: 2F 0-2: Foul Ball, location: 2F 0-2: SINGLE (Flyball, 89S, EV 98.1 MPH) Rafael Landestoy to third Don Money to second Runner from 3rd tries for Home, SAFE, throw by RF to home
|
Batting: RHB Al Minker
|
0-0: Ball 1-0: Called Strike 1-1: Called Strike 1-2: Fly out, F9 (Flyball, 9, EV 83.8 MPH)
|
Batting: SHB Larry Bowa
|
0-0: Called Strike 0-1: TRIPLE (Line Drive, 7D, EV 103.1 MPH) Don Money scores Mike LaValliere scores
|
Batting: RHB Eddie Gates
|
0-0: Called Strike 0-1: Fly out, F7 (Line Drive, 7, EV 96.9 MPH)
|
Batting: LHB Donald Elliott
|
0-0: SINGLE (Flyball, 8RS, EV 87.5 MPH) Larry Bowa scores
|
Batting: RHB Mike Allport
|
0-0: Called Strike 0-1: Reached on error, E5 (Groundball, 56S, EV 82.5 MPH) Donald Elliott to second
|
Batting: RHB Jay Schellin
|
0-0: Foul Ball, location: 2F 0-1: SINGLE (Groundball, 5S, EV 64.4 MPH) (infield hit) Donald Elliott to third Mike Allport to second
|
Batting: SHB Rafael Landestoy
|
0-0: Ball 1-0: Reached on error, E5 (Groundball, 5, EV 106.9 MPH) Donald Elliott scores Mike Allport to third Jay Schellin to second
|
Batting: RHB Don Money
|
0-0: Called Strike 0-1: Foul Ball, location: 2F 0-2: Ball 1-2: Fielders Choice at 2nd, 6-4 (Groundball, 6D, EV 83.1 MPH)
|
Bottom of the 7th over - 5 runs, 5 hits, 3 errors, 3 left on base; Evansville 2 - Omaha 9 |
TOP OF THE 8TH |
Evansville Triplets batting - Pitching for Omaha Storm Chasers : LHP Brad Havens
|
Batting: RHB Cory Mihalic
|
0-0: Called Strike 0-1: Ball 1-1: Ball 2-1: Fly out, F7 (Flyball, 78XD, EV 103.1 MPH)
|
Batting: LHB Lloyd Moseby
|
0-0: Ball 1-0: Foul Ball, location: 2F 1-1: Ball 2-1: Called Strike 2-2: Foul Ball, location: 2F 2-2: Fly out, F2 (Popup, 3SF, EV 81.3 MPH)
|
Batting: RHB Brook Jacoby
|
0-0: Foul Ball, location: 2F 0-1: Called Strike 0-2: Ball 1-2: Ball 2-2: Ball 3-2: Foul Ball, location: 2F 3-2: Base on Balls
|
Batting: SHB Mickey Tettleton
|
0-0: Ball 1-0: Ball 2-0: Swinging Strike 2-1: Foul Ball, location: 2F 2-2: Ground out 4-3 (Groundball, 4, EV 77.5 MPH)
|
Top of the 8th over - 0 runs, 0 hits, 0 errors, 1 left on base; Evansville 2 - Omaha 9 |
BOTTOM OF THE 8TH |
Omaha Storm Chasers batting - Pitching for Evansville Triplets : LHP Paul Mirabella
|
Batting: LHB Mike LaValliere
|
0-0: Foul Ball, location: 2F 0-1: Ground out 2-3 (Groundball, 13S, EV 67.5 MPH)
|
Pinch Hitting: LHB Bobby Barron
|
0-0: Ball 1-0: Fly out, F6 (Flyball, 6D, EV 87.5 MPH)
|
Batting: SHB Larry Bowa
|
0-0: Ball 1-0: Swinging Strike 1-1: Foul Ball, location: 2F 1-2: Fly out, F9 (Line Drive, 9, EV 96.9 MPH)
|
Bottom of the 8th over - 0 runs, 0 hits, 0 errors, 0 left on base; Evansville 2 - Omaha 9 |
TOP OF THE 9TH |
Evansville Triplets batting - Pitching for Omaha Storm Chasers : LHP Brad Havens
|
Now in RF: Bobby Barron
|
|
Batting: RHB Mark M Corey
|
0-0: SINGLE (Line Drive, 6D, EV 97.5 MPH)
|
Batting: LHB Luis Alfaro
|
0-0: Swinging Strike 0-1: Ball 1-1: Foul Ball, location: 2F 1-2: Ball 2-2: Foul Ball, location: 2F 2-2: Ball 3-2: SINGLE (Groundball, 34D, EV 107.5 MPH) Mark M Corey to second Mark M Corey to third
|
Pinch Hitting: RHB David Baker
|
0-0: Ball 1-0: Fly out, F7 (Flyball, 78D, EV 92.5 MPH) Runner from 3rd tags up, SCORES, no throw by LF
|
Batting: RHB Ed Jurak
|
0-0: Foul Ball, location: 2F 0-1: Ball 1-1: Foul Ball, location: 2F 1-2: Ball 2-2: Foul Ball, location: 2F 2-2: Strikes out swinging
|
Batting: LHB Greg Gross
|
0-0: Swinging Strike 0-1: Foul Ball, location: 2F 0-2: Fly out, F8 (Flyball, 8RM, EV 96.3 MPH)
|
Top of the 9th over - 1 run, 2 hits, 0 errors, 1 left on base; Evansville 3 - Omaha 9 |
|